 Dungeon Crawl Stone Soup version 0.18-a0-1718-g40ea4b6 (webtiles) character file.

2805 Murumi the Fighter (level 10, 0/127 HPs)
             Began as a Formicid Fighter on Apr 8, 2016.
             Was an Initiate of Elyvilon.
             Succumbed to a killer bee's poison
             ... on level 7 of the Dungeon.
             The game lasted 00:31:10 (5747 turns).

Murumi the Fighter (Formicid Fighter)               Turns: 5747, Time: 00:31:10

Health: 0/127      AC: 25    Str: 26    XL:     10   Next: 2%
Magic:  10/10      EV:  2    Int:  9    God:    Elyvilon [......]
Gold:   104        SH: 11    Dex: 10    Spells: 0 memorised, 9 levels left

rFire  . . .     SeeInvis .     C - +0 great sword
rCold  . . .     Gourm    +     (armour currently unavailable)
rNeg   + + +     Faith    .     c - +0 shield
rPois  +         Spirit   .     (helmet unavailable)
rElec  .         Dismiss  .     (cloak currently unavailable)
rCorr  .         Reflect  .     (gloves currently unavailable)
SustAt .         Harm     .     (boots currently unavailable)
MR     +....                    n - amulet of the gourmand
Stlth  +.........               w - ring of flight
                                r - +3 ring of strength

@: lethally poisoned (0 -> -3), tree-form, somewhat resistant to hostile
enchantments, very unstealthy
A: permanent stasis, dig shafts and tunnels, four strong arms, (antennae 0)
a: Renounce Religion


You were on level 7 of the Dungeon.
You worshipped Elyvilon.
Elyvilon was noncommittal.
You were very full.
You were a tree.
You visited 2 branches of the dungeon, and saw 8 of its levels.

You collected 325 gold pieces.
You spent 221 gold pieces at shops.

Inventory:

Hand Weapons
 C - a +0 great sword (weapon)
Missiles
 t - 19 bolts
Armour
 c - a +0 shield (worn)
 e - a +1 plate armour (melded)
 q - a +0 pair of gloves (melded)
 y - a +2 cloak of invisibility (melded)
Jewellery
 n - an amulet of the gourmand (around neck)
 r - a +3 ring of strength (left branch)
 w - a ring of flight (right branch)
 D - an uncursed amulet of harm {unknown}
Wands
 o - a wand of disintegration (5/24)
Scrolls
 g - a scroll of recharging
 u - a scroll of magic mapping
 A - a scroll of enchant weapon
 H - a scroll of remove curse
Potions
 d - a potion of might
 h - 2 potions of brilliance
 m - 2 potions of cancellation
 x - a potion of resistance {unknown}
 z - a potion of lignification
 B - a potion of berserk rage {unknown}
 G - a potion of haste {unknown}
Comestibles
 f - 6 bread rations
 i - 2 beef jerkies
 j - 3 meat rations
 p - a slice of pizza
 E - 3 fruits


   Skills:
 + Level 10.0 Fighting
 - Level 6.3 Long Blades
 - Level 6.0 Armour
 - Level 8.1 Shields


You had 9 spell levels left.
You didn't know any spells.

Dungeon Overview and Level Annotations

Branches:
Dungeon (7/15)             Temple (1/1) D:7

Altars:
Ashenzari
Cheibriados
Dithmenos
Elyvilon
Fedhas
Gozag
Kikubaaqudgha
Makhleb
Nemelex Xobeh
Okawaru
Pakellas
Qazlal
Ru
Sif Muna
Trog
Vehumet
Xom
Yredelemnul
Zin
The Shining One

Shops:
D:4 ?!(*   D:6 %   D:7 (


Innate Abilities, Weirdness & Mutations

You are under a permanent stasis effect.
You can dig through walls and to a lower floor.
Your four strong arms can wield two-handed weapons with a shield.
((You have a pair of large antennae on your head (SInv).))


Message History

You feel sick.
The killer bee buzzes angrily.
The killer bee seems to regain its courage.
You feel sick.
The killer bee stings you but does no damage.
The killer bee stings you.
* * * LOW HITPOINT WARNING * * *
You are more poisoned.
The killer bee poisons you!
Drink which item? (? for menu, Esc to quit)
Okay, then.
Read which item? (? for menu, Esc to quit)
Okay, then.
Drink which item? (? for menu, Esc to quit)
You turn into a tree.
Your +2 cloak of invisibility melds into your body.
Your +0 pair of gloves melds into your body.
Your +1 plate armour melds into your body.
Your roots penetrate the ground.
You die...

..# #.# ####.#### ..#
#.# #.......# ..# #.#
#.##)##.# #.#
#######.####.##.##.##
#.#
#.).......#.........###
#.##
#.####..#.............#
#..# #.#
#..###..⌠...⌠..#.# #..#
#.#
#..###.........#.###
#..# #.#
#...♣y....>........#
#..#####.#
##.###.........###)#
#........#
#.###..⌠...⌠..###.#
#.########
#.#.............#.# #.#
#...#.........#...# ..#
##.###.##.##.####.# ###
#.# #.##..#.# #.# #.#
#.###...# #.#
#.###........


You could see a killer bee.

Vanquished Creatures
  Joseph (D:7)
  The ghost of Mulkerokala the Chopper, a novice DsAr (D:5)
  A two-headed ogre (D:7)
  Sigmund (D:2)
  The ghost of Mulkerokala the Charlatan, an amateur DsAr (D:3)
  2 ice beasts
  A phantom (D:6)
  A necrophage (D:6)
  3 ogres
  2 centaurs
  A giant frog (D:5)
  3 killer bees (D:7)
  4 wights (D:7)
  3 crimson imps
  A quasit (D:6)
  A centaur skeleton (D:4)
  An orc wizard (D:3)
  Crazy Yiuf (D:5)
  4 giant frog skeletons
  2 iguanas
  2 worker ants
  3 gnolls
  7 adders
  3 worms
  2 dart slugs (D:2)
  2 giant geckos (D:6)
  6 orcs
  2 ball pythons
  4 giant cockroaches
  10 goblins
  7 hobgoblins
  14 jackals
  3 kobolds
  4 quokkas
  5 bats
  3 giant gecko skeletons
  2 giant newts
  A quokka skeleton (D:5)
  11 rats
126 creatures vanquished.

Vanquished Creatures (others)
  A wizard (D:5)
1 creature vanquished.

Grand Total: 127 creatures vanquished

Notes
Turn   | Place    | Note
--------------------------------------------------------------
     0 | D:1      | Murumi the Formicid Fighter began the quest for the Orb.
     0 | D:1      | Reached XP level 1. HP: 18/18 MP: 1/1
    55 | D:1      | Reached XP level 2. HP: 22/24 MP: 2/2
   220 | D:1      | Reached XP level 3. HP: 29/29 MP: 3/3
   614 | D:2      | Reached skill level 4 in Fighting
   614 | D:2      | Reached XP level 4. HP: 34/37 MP: 4/4
   968 | D:2      | Noticed Sigmund
   975 | D:2      | Killed Sigmund
   975 | D:2      | Reached XP level 5. HP: 29/42 MP: 5/5
   975 | D:2      | Reached XP level 6. HP: 33/48 MP: 6/6
  1188 | D:3      | Noticed Mulkerokala's ghost (amateur DsAr)
  1219 | D:3      | HP: 1/48 [Mulkerokala's ghost (15)]
  1227 | D:3      | Killed Mulkerokala's ghost
  1227 | D:3      | Reached skill level 5 in Shields
  1304 | D:3      | Reached XP level 7. HP: 42/54 MP: 7/7
  1805 | D:3      | Found a deep blue altar of Sif Muna.
  1947 | D:4      | Found Xyklat's Distillery.
  1948 | D:4      | Found Jaromum's Magic Scroll Boutique.
  1964 | D:4      | Bought a potion of might for 40 gold pieces
  1964 | D:4      | Found Gautt's Weapon Shoppe.
  2133 | D:4      | Found a shattered altar of Ashenzari.
  2135 | D:4      | Found a sacrificial altar of Ru.
  2344 | D:4      | Bought a scroll of magic mapping for 45 gold pieces
  2344 | D:4      | Bought a scroll of identify for 26 gold pieces
  2344 | D:4      | Bought a scroll of identify for 26 gold pieces
  2370 | D:4      | Found Ylutei Full's General Store.
  2467 | D:5      | Entered Level 5 of the Dungeon
  2983 | D:5      | Noticed Crazy Yiuf
  2992 | D:5      | Killed Crazy Yiuf
  3170 | D:5      | Noticed Mulkerokala's ghost (novice DsAr)
  3191 | D:5      | Killed Mulkerokala's ghost
  3191 | D:5      | Reached XP level 8. HP: 18/60 MP: 8/8
  3734 | D:5      | Reached skill level 5 in Fighting
  3773 | D:5      | Found a bloodstained altar of Trog.
  3774 | D:5      | Noticed a wizard
  3779 | D:5      | Killed a wizard
  4447 | D:6      | Reached skill level 6 in Fighting
  4458 | D:6      | Found Oxkoture's Food Shop.
  4503 | D:6      | Reached XP level 9. HP: 51/69 MP: 9/9
  4919 | D:7      | Found Tuapp's Weapon Emporium.
  4927 | D:7      | Bought a +0 great sword for 84 gold pieces
  5094 | D:7      | Reached skill level 7 in Fighting
  5247 | D:7      | Found a staircase to the Ecumenical Temple.
  5267 | Temple   | Entered the Ecumenical Temple
  5319 | Temple   | Became a worshipper of Elyvilon the Healer
  5391 | D:7      | Noticed a two-headed ogre
  5398 | D:7      | Killed a two-headed ogre
  5398 | D:7      | Reached skill level 8 in Fighting
  5533 | D:7      | Noticed Joseph
  5543 | D:7      | Killed Joseph
  5543 | D:7      | Reached skill level 9 in Fighting
  5713 | D:7      | Reached XP level 10. HP: 35/85 MP: 10/10
  5723 | D:7      | Reached skill level 10 in Fighting
  5728 | D:7      | HP: 3/85 [killer bee (3)]
  5735 | D:7      | HP: 2/85 [poisoned by a killer bee]
  5743 | D:7      | HP: 2/85 [poisoned by a killer bee]
  5747 | D:7      | Succumbed to a killer bee's poison

Vault maps used:
D:1:      eino_arrival_tree_alley, minmay_surrounded
D:2:      uniq_sigmund
D:3:      minmay_misc_feat_columns, lemuel_blue_sif_altar
D:4:      grunt_temple_overflow_open, serial_shops, shop,
          nicolae_shop_waterfront, kennysheep_mini_moat, shop_fountains,
          first_bread
D:5:      serial_co_window_serial, co_window_paths_b, co_window_corner_a,
          co_window_of_opportunity_a, co_window_paths_a,
          co_window_of_opportunity_a, co_window_corner_a,
          co_window_of_opportunity_b, co_window_2corner, co_window_paths_c,
          co_window_4corner_b, co_window_sun, glass_columns_a, trog_wizard,
          uniq_crazy_yiuf_cottage
D:6:      serial_shops, nicolae_shop_stone
D:7:      minmay_temple_entry_large_hall, serial_shops, shop, uniq_joseph
Temple:   grunt_wide_crystal_templ_18

Skill      XL: |  1  2  3  4  5  6  7  8  9 10 |
---------------+-------------------------------+-----
Shields        | 4 5 6 7 8 |  8.1
Long Blades    | 3 6 |  6.3
Fighting       | 4 6 9 10 | 10.0
Armour         | 6 |  6.0

Action                   |  1- 3 |  4- 6 |  7- 9 | 10-12 || total
-------------------------+-------+-------+-------+-------++-------
Melee: Long sword        |    89 |    88 |   312 |       ||   489
       Great sword       |       |       |    87 |    15 ||   102
 Abil: Dig               |       |     2 |     2 |       ||     4
       Evoke Invisibilit |       |       |     3 |       ||     3
  Use: Scroll            |     3 |     4 |     9 |     1 ||    17
       Potion            |       |     2 |     9 |     1 ||    12
 Stab: Invisible         |       |       |     4 |       ||     4
  Eat: Chunk             |       |     1 |    28 |       ||    29
